 Dungeon Crawl Stone Soup version 0.27.1-2-g3b301248ec (console) character file.

Game seed: 9672070510060925673

46 Banquo the Charlatan (level 3, -3/29 HPs)
             Began as a Djinni Artificer on Oct 3, 2021.
             Slain by Natasha (5 damage)
             ... on level 3 of the Dungeon.
             The game lasted 00:08:04 (1865 turns).

Banquo the Charlatan (Djinni Artificer)             Turns: 1865, Time: 00:08:05

Health: -3/29      AC:  4    Str: 11    XL:     3   Next: 95%
Gold:   18         EV: 11    Int: 13    God:
                   SH:  0    Dex: 13

rFire    + + .     SeeInvis .   a - +1 dagger (venom)
rCold    x . .     Faith    .   (no shield)
rNeg     . . .     Spirit   .   b - +1 leather armour
rPois    ∞         Reflect  .   (no helmet)
rElec    .         Harm     .   (no cloak)
rCorr    .         Rampage  .   (no gloves)
Will     .....                  (boots unavailable)
Stlth    +.........             (no amulet)
HPRegen  0.09/turn              (no ring)
MPRegen  0.00/turn              (no ring)

@: flying, very slightly contaminated
A: sickness immunity, fire resistance 2, cold vulnerability 1, float, innate
caster, hp casting, extra vitality 1
a: no special abilities


You were on level 3 of the Dungeon.
You visited 1 branch of the dungeon, and saw 3 of its levels.

You collected 126 gold pieces.
You spent 108 gold pieces at shops.

Inventory:

Hand Weapons
 a - a +1 dagger of venom (weapon)
 f - a +0 mace
 j - a +0 spear
 p - a +0 dagger
 q - a +0 club
Missiles
 h - 31 stones
 m - 16 boomerangs
Armour
 b - a +1 leather armour (worn)
Magical Staves
 n - a staff of cold
Wands
 c - a wand of flame (15) (quivered)
 d - a wand of charming (15)
Scrolls
 k - a scroll of teleportation
 s - a scroll of acquirement
Potions
 g - 2 potions of haste {unknown}
 l - a potion of curing {unknown}
 o - 4 potions of mutation
 r - a potion of heal wounds
 t - a potion of might
Miscellaneous
 e - a piece from Xom's chessboard (15/15)


   Skills:
 * Level 2.4 Fighting
 - Level 1.0 Armour
 - Level 2.1 Dodging
 - Level 0.7 Stealth
 * Level 1.5 Spellcasting
 - Level 3.0 Evocations


You had 4 spell levels left.
You knew the following spells:

 Your Spells              Type           Power      Damage    Failure   Level
a - Sandblast             Erth           10%        2d5       19%         1
Your spell library was empty.

Dungeon Overview and Level Annotations

Branches:
Dungeon (3/15)

Altars:

Shops:
D:2 !   D:3 ?

Annotations:
D:1 1 exclusion
D:3 Natasha


Innate Abilities, Weirdness & Mutations

You are immune to sickness and miasma.
You are immune to poison.
Your flesh is very heat resistant. (rF++)
You are vulnerable to cold. (rC-)
You float through the air rather than walking.
You learn spells naturally, not from books.
Your magical power is your life essence.
You have superior vitality. (+4 HP)


Message History

Aiming: Sandblast (safe; 19% risk of failure)
Press: ? - help, Shift-Dir - straight line, f - Natasha
Aim: Natasha (moderately wounded, very poisoned, 72% to hit)
The blast of sand hits Natasha but does no damage.
Natasha is moderately wounded.
h - 33 stones Natasha stares at you and mumbles some strange words.
The magic dart hits you!
* * * LOW HITPOINT WARNING * * *
Casting: Sandblast (safe; 19% risk of failure)
Confirm with . or Enter, or press ? or * to list all spells.
Aiming: Sandblast (safe; 19% risk of failure)
Press: ? - help, Shift-Dir - straight line, f/p - Natasha
Aim: Natasha (moderately wounded, very poisoned, 72% to hit)
The blast of sand misses Natasha.
h - 32 stones
* * * LOW HITPOINT WARNING * * *
Natasha claws you.
* * * LOW HITPOINT WARNING * * *
Casting: Sandblast (safe; 19% risk of failure)
Confirm with . or Enter, or press ? or * to list all spells.
Aiming: Sandblast (safe; 19% risk of failure)
Press: ? - help, Shift-Dir - straight line, f/p - Natasha
Aim: Natasha (moderately wounded, very poisoned, 72% to hit)
The blast of sand hits Natasha.
Natasha is severely wounded.
h - 31 stones
* * * LOW HITPOINT WARNING * * *
Natasha completely misses you.
Casting: Sandblast (safe; 19% risk of failure)
Confirm with . or Enter, or press ? or * to list all spells.
Aiming: Sandblast (safe; 19% risk of failure)
Press: ? - help, Shift-Dir - straight line, f/p - Natasha
Aim: Natasha (almost dead, very poisoned, 72% to hit)
You miscast Sandblast.
You are very lightly contaminated with residual magic.
Nothing appears to happen.
* * * LOW HITPOINT WARNING * * *
Natasha claws you.
You die...

#.# #.# ##)######
##...#...#
#........###
##.........#
##........####
#.#########...........
#...h@..........######
#############...#
#####


You could see Natasha (very poisoned).

Vanquished Creatures
  2 dart slugs
  A ball python (D:2)
  6 bats
  4 endoplasms
  A giant cockroach (D:2)
  4 goblins
  6 hobgoblins
  5 kobolds
  2 quokkas
  4 frilled lizards
  3 rats
38 creatures vanquished.

Notes
Turn   | Place    | Note
-------+----------+-------------------------------------------
     0 | D:1      | Banquo the Djinni Artificer began the quest for the Orb.
     0 | D:1      | Reached XP level 1. HP: 17/17 MP: 0/0
   312 | D:1      | Reached XP level 2. HP: 22/22 MP: 0/0
   620 | D:1      | Reached skill level 1 in Spellcasting
   770 | D:1      | Reached XP level 3. HP: 22/28 MP: 0/0
   770 | D:1      | Learned a level 1 spell: Sandblast
  1115 | D:2      | Found a faded altar of an unknown god.
  1472 | D:2      | Found Zuqoxzom's Distillery.
  1482 | D:2      | Bought a potion of heal wounds for 60 gold pieces
  1651 | D:2      | Bought a potion of might for 48 gold pieces
  1681 | D:3      | Found Zupota's Magic Scroll Shoppe.
  1728 | D:3      | Identified a scroll of acquirement
  1854 | D:3      | Noticed Natasha
  1865 | D:3      | Slain by Natasha

Illustrated notes

Levels and vault maps discovered:
D:1:      evilmike_arrival_rings, layout_basic, roderic_serpentine_path
D:2:      layout_rooms, shapermc_ecumenical_altar_starsandcircs, serial_shops,
          shop
D:3:      layout_loops_corners, serial_shops, shop, portal_sewer_entry_c,
          glass_columns_b, uniq_ijyb, uniq_sigmund, uniq_natasha

Skill      XL: |  1  2  3 |
---------------+----------+-----
Spellcasting   | 1 |  1.5
Fighting       | 2 |  2.4
Armour         | |  1.0
Dodging        | |  2.1
Stealth        | |  0.7
Evocations     | |  3.0

Action                   || total
-------------------------++-------
Melee: Mace              ||     9
       Spear             ||    98
       Dagger            ||    33
 Cast: Sandblast         ||     3
  Use: Scroll            ||     5
 Stab: Sleeping          ||     4
       Distracted        ||     1
Armor: Leather armour    ||    28
Dodge: Dodged            ||    75
